 Dungeon Crawl Stone Soup version 0.26-a0-1213-gd52f5182fe (webtiles) character file.

Game seed: 13603793174188934266

385 Mesmaeker13 the Grave Robber (level 6, 0/41 HPs)
             Began as a Mummy Necromancer on Dec 30, 2020.
             Killed by divine providence
             ... invoked by an orc priest
              (10 damage)
             ... on level 4 of the Dungeon.
             The game lasted 00:07:22 (4434 turns).

Mesmaeker13 the Grave Robber (Mummy Necromancer)    Turns: 4434, Time: 00:07:22

Health: 0/41       AC:  4    Str: 11    XL:     6   Next: 48%
Magic:  3/13       EV: 13    Int: 17    God:
Gold:   121        SH:  0    Dex: 12    Spells: 7/15 levels left

rFire    x . .     SeeInvis .   o - +1 mace (vorpal)
rCold    + . .     Faith    .   (no shield)
rNeg     + + +     Spirit   .   l - +1 animal skin
rPois    ∞         Reflect  .   k - +0 helmet
rElec    .         Harm     .   (no cloak)
rCorr    .         Rampage  .   (no gloves)
Will     .....                  (no boots)
Stlth    ++........             (no amulet)
HPRegen  0.13/turn              (no ring)
MPRegen  0.13/turn              (no ring)

@: no status effects
A: no potions, fire vulnerability, cold resistance 1, negative energy resistance
3, torment resistance, unbreathing
a: no special abilities


You were on level 4 of the Dungeon.
You visited 1 branch of the dungeon, and saw 4 of its levels.

You collected 121 gold pieces.

Inventory:

Hand Weapons
 j - a +4 dagger of speed
 o - a +1 vorpal mace (weapon)
Missiles
 i - 10 poisoned darts
Armour
 k - a +0 helmet (worn)
 l - a +1 animal skin (worn)
 p - a +4 scale mail of fire resistance
Wands
 n - a wand of flame (9)
Scrolls
 c - a scroll of enchant armour
 d - 2 scrolls of remove curse
 e - a scroll of identify
 f - a scroll of teleportation
 h - a scroll of fog


   Skills:
 + Level 3.5 Dodging
 - Level 1.5 Stealth
 + Level 5.2 Spellcasting
 + Level 5.5 Necromancy


You had 7 spell levels left.
You knew the following spells:

 Your Spells              Type           Power        Failure   Level
a - Pain                  Necr           92%          1%          1
b - Vampiric Draining     Necr           11%          4%          3
c - Animate Dead          Necr           11%          14%         4

Your spell library contained the following spells:

 Spells                   Type           Power        Failure   Level
 Animate Skeleton         Necr           46%          1%          1
 Agony                    Necr           23%          36%         5


Dungeon Overview and Level Annotations

Branches:
Dungeon (4/15)
 Temple: D:4-7

Altars:

Annotations:
D:2 1 runed translucent door, Crazy Yiuf


Innate Abilities, Weirdness & Mutations

You do not drink.
Your flesh is vulnerable to fire.
You are immune to poison.
Your flesh is cold resistant. (rC+)
You are immune to negative energy. (rN+++)
You are immune to unholy pain and torment.
You can survive without breathing.


Message History

Aiming: Pain (safe; 1% risk of failure)
Press: ? - help, Shift-Dir - straight line, f/p - orc priest
Aim: an orc priest, wielding a +3 dagger and wearing a cursed -1 scale mail (severely wounded, chance to affect: 83%)
The orc priest writhes in agony.
The orc priest hits you with a +3 dagger.
* * * LOW HITPOINT WARNING * * *
Evoke which item? (* to show all) (? for menu, Esc to quit)
Aiming: Throw Flame
Press: ? - help, Shift-Dir - straight line, f/p - orc priest
Aim: an orc priest, wielding a +3 dagger and wearing a cursed -1 scale mail (almost dead, 28% to evade)
The puff of flame misses the orc priest.
The orc priest hits you with a +3 dagger.
* * * LOW HITPOINT WARNING * * *
Evoke which item? (* to show all) (? for menu, Esc to quit)
Okay, then.
As you read the scroll of fear, it crumbles to dust.
You assume a fearsome visage.
The orc priest looks frightened!
The orc priest mumbles some strange prayers to Beogh against you.
Beogh smites you!
You die...

#...# #...#
##o## #o#
#o# #.# #.#
#####.#
...##
#.@.)o#
.....#
#.#####
....)# #.
.....# #.
....# #.
...# #. #.#
#.
<.##########
#.
............


You could see an orc priest (fleeing).

Vanquished Creatures
  A centaur skeleton (D:4)
  Ijyb (D:3)
  Jessica (D:2)
  Terence (D:3)
  An iguana (D:3)
  Natasha (thrice) (D:2)
  Robin (D:3)
  3 adders (D:3)
  3 oozes
  An adder skeleton (D:4)
  4 dart slugs
  2 leopard geckos
  9 orcs
  10 bats
  2 giant cockroaches
  19 goblins
  14 hobgoblins
  3 quokkas
  5 ball pythons
  9 frilled lizards
  6 kobolds
  11 rats
110 creatures vanquished.

Vanquished Creatures (others)
  4 plants (D:3)
4 creatures vanquished.

Grand Total: 114 creatures vanquished

Notes
Turn   | Place    | Note
-------+----------+-------------------------------------------
     0 | D:1      | Mesmaeker13 the Mummy Necromancer began the quest for the
                  | Orb.
     0 | D:1      | Reached XP level 1. HP: 13/13 MP: 4/4
   244 | D:1      | Reached XP level 2. HP: 19/19 MP: 0/6
   909 | D:1      | Reached XP level 3. HP: 24/24 MP: 2/7
  1147 | D:2      | Noticed Natasha
  1176 | D:2      | Killed Natasha
  1473 | D:2      | Noticed Jessica
  1477 | D:2      | Killed Jessica
  1478 | D:2      | Reached XP level 4. HP: 30/30 MP: 5/9
  1547 | D:2      | Found a runed translucent door.
  1548 | D:2      | Noticed Crazy Yiuf
  1561 | D:2      | Noticed Natasha
  1569 | D:2      | Killed Natasha
  2091 | D:2      | Noticed Natasha
  2097 | D:2      | Killed Natasha
  2098 | D:2      | Reached skill level 5 in Necromancy
  2098 | D:2      | Reached XP level 5. HP: 20/35 MP: 5/11
  2660 | D:3      | Noticed Robin
  2705 | D:3      | Learned a level 3 spell: Vampiric Draining
  2714 | D:3      | Killed Robin
  3072 | D:3      | Found a faded altar of an unknown god.
  3355 | D:3      | Noticed Ijyb
  3361 | D:3      | Killed Ijyb
  3448 | D:3      | Reached XP level 6. HP: 41/41 MP: 8/13
  3771 | D:3      | Reached skill level 5 in Spellcasting
  3925 | D:3      | Noticed Terence
  3934 | D:3      | Killed Terence
  4374 | D:3      | Learned a level 4 spell: Animate Dead
  4434 | D:4      | Killed from afar by an orc priest

Illustrated notes

Levels and vault maps discovered:
D:1:      lemuel_arrival_rhombus, layout_basic
D:2:      layout_basic, uniq_natasha, uniq_crazy_yiuf_cottage, uniq_jessica
D:3:      kennysheep_big_flooded_room, layout_basic,
          chequers_ecumenical_altar_simple_redux, serial_forest,
          infiniplex_forest_clump_small, infiniplex_forest_straight_1,
          infiniplex_forest_lined_room_3, infiniplex_forest_lined_corner,
          infiniplex_forest_straight_2, infiniplex_forest_clump_C,
          infiniplex_forest_lined_corner, infiniplex_forest_clump_medium,
          uniq_ijyb, uniq_robin, uniq_terence
D:4:      layout_loops_ring

Skill      XL: |  1  2  3  4  5  6 |
---------------+-------------------+-----
Spellcasting   | 3 4 5 |  5.2
Dodging        | 2 3 |  3.5
Necromancy     | 5 |  5.5
Stealth        | |  1.5

Action                   |  1- 3 |  4- 6 || total
-------------------------+-------+-------++-------
Melee: Mace              |     7 |     9 ||    16
 Cast: Pain              |    67 |   156 ||   223
Evoke: Wand              |       |     4 ||     4
  Use: Scroll            |       |     6 ||     6
Armor: Robe              |     2 |     3 ||     5
       Animal skin       |       |     5 ||     5
Dodge: Dodged            |    10 |    37 ||    47

Table legend: (Time is in decaauts)
 A = Elapsed time spent in this place.
 B = Non-inter-level travel time spent in this place.
 C = Inter-level travel time spent in this place.
 D = Time resting spent in this place.
 E = Time spent auto-exploring this place.
 F = Levels seen in this place.
 G = Mean time per level.
                   A        B        C        D        E       F      G
               +--------+--------+--------+--------+--------+-----+--------+
         Total |   4453 |   4406 |     47 |   1277 |   2494 |   4 | 1113.2 |
       Dungeon |   4453 |   4406 |     47 |   1277 |   2494 |   4 | 1113.2 |
               +--------+--------+--------+--------+--------+-----+--------+

Top non-repeatable levels by time:
     D:3: 1752 daAuts
     D:2: 1471 daAuts
     D:1: 1168 daAuts
     D:4: 60 daAuts
